 Dungeon Crawl Stone Soup version 0.23-a0-558-g30802b1d75 (webtiles) character file.

1348 Zazzizzaar the Geomancer (level 8, 0/41 HPs)
             Began as a Gargoyle Earth Elementalist on Dec 11, 2018.
             Was an Initiate of Vehumet.
             Killed from afar by an orc wizard (8 damage)
             ... with a puff of flame
             ... on level 6 of the Dungeon.
             The game lasted 00:15:12 (7440 turns).

Zazzizzaar the Geomancer (GrEE)                     Turns: 7440, Time: 00:15:13

Health: 0/41       AC: 14    Str: 11    XL:     8   Next: 62%
Magic:  11/16      EV: 12    Int: 19    God:    Vehumet [......]
Gold:   272        SH:  0    Dex: 10    Spells: 9/18 levels left

rFire    . . .     SeeInvis .   i - +3 flail
rCold    . . .     Gourm    .   (no shield)
rNeg     + . .     Faith    .   n - +2 robe
rPois    ∞         Spirit   .   (no helmet)
rElec    +         Reflect  .   s - scarf {cloud immunity}
rCorr    .         Harm     .   g - +2 pair of gloves
MR       .....     Rnd*Rage +   l - +1 pair of boots
Stlth    +++.......             o - amulet of magic regeneration
HPRegen  0.13/turn              r - ring of stealth
MPRegen  0.40/turn              (no ring)

@: no status effects
A: berserk 1, blurry vision 1, negative energy resistance 1, electricity
resistance, unbreathing, petrification resistance, rot immunity, AC +5
a: Renounce Religion


You were on level 6 of the Dungeon.
You worshipped Vehumet.
Vehumet was noncommittal.
You were not hungry.

You visited 2 branches of the dungeon, and saw 7 of its levels.

You collected 272 gold pieces.

Inventory:

Hand Weapons
 i - a +3 flail (weapon)
Missiles
 b - 179 stones (quivered)
Armour
 g - a +2 pair of gloves (worn)
 j - a +0 cloak
 l - a +1 pair of boots (worn)
 n - a +2 robe (worn)
 s - a scarf of cloud immunity (worn)
Jewellery
 o - an amulet of magic regeneration (around neck)
 r - a ring of stealth (left hand)
Wands
 t - a wand of paralysis (10)
Scrolls
 c - 2 scrolls of teleportation
 f - a scroll of fear
 m - 2 scrolls of amnesia
Potions
 a - 2 potions of agility
 e - a potion of magic
 h - 2 potions of cancellation
 k - 3 potions of heal wounds
 p - 2 potions of lignification
 q - 3 potions of curing
Comestibles
 d - 12 rations


   Skills:
 - Level 1.5 Dodging
 - Level 2.1 Stealth
 + Level 5.8 Spellcasting
 + Level 6.1 Conjurations
   Level 0.7 Transmutations
 + Level 8.1 Earth Magic


You had 9 spell levels left.
You knew the following spells:

 Your Spells              Type           Power        Failure   Level  Hunger
a - Sandblast             Erth           #####.       1%          1    None
b - Stone Arrow           Conj/Erth      ####..       1%          3    ##.....
c - Lee's Rapid Deconstr  Erth           #####.....   12%         5    #####..

Your spell library contained the following spells:

 Spells                   Type           Power        Failure   Level  Hunger
 Passwall                 Tmut/Erth      ###.....     2%          2    None
 Beastly Appendage        Tmut           #.....       9%          1    None
 Sticks to Snakes         Tmut           #.......     13%         2    None
 Petrify                  Tmut/Erth      ###.....     19%         4    ####...
 Spider Form              Tmut/Pois      #.........   30%         3    ##.....
 Ice Form                 Ice/Tmut       #.......     69%         4    ####...
 Blade Hands              Tmut           #.........   93%         5    #####..


Dungeon Overview and Level Annotations

Branches:
Dungeon (6/15)             Temple (1/1) D:5

Altars:
Ashenzari
Dithmenos
Elyvilon
Gozag
Hepliaklqana
Kikubaaqudgha
Makhleb
Nemelex Xobeh
Okawaru
Qazlal
Ru
Sif Muna
Uskayaw
Vehumet
Wu Jian
Xom
Yredelemnul
Zin
The Shining One


Innate Abilities, Weirdness & Mutations

You are resistant to torment.
Your stone body is resilient. (AC +5)
You are immune to poison.
You resist negative energy. (rN+)
You are resistant to electric shocks. (rElec)
You can survive without breathing.
You are immune to petrification.
You are immune to rotting.
You tend to lose your temper in combat.
Scrolls take you a little longer to read.


Message History

Casting: Sandblast (safe; 1% risk of failure)
Confirm with . or Enter, or press ? or * to list all spells.
Aiming: Sandblast (safe; 1% risk of failure)
Press: ? - help, Shift-Dir - straight line, f - orc warrior
Aim: an orc warrior, wielding a +1 vampiric halberd and wearing a +0 plate The blast of sand hits the orc warrior.
The orc warrior is moderately wounded.
b - 180 stones Something hits you but does no damage.
The orc barely misses you.
The orc warrior hits you with a +1 vampiric halberd.
* * * LOW HITPOINT WARNING * * *
Casting: Sandblast (safe; 1% risk of failure)
Confirm with . or Enter, or press ? or * to list all spells.
Aiming: Sandblast (safe; 1% risk of failure)
Press: ? - help, Shift-Dir - straight line, p - orc warrior
b - 179 stones You hear some strange, mumbled words.
A puff of flame appears from out of thin air!
The puff of flame hits you!
You die...

############
.##..........#
.....).......# ..
.##..........#
#...............###
##.###.#...##.....#
.......#...##..o..#
.....#.#...##.@{..#
#.....#..†##..o..#
.#.......####.....#
....<....## #.......
.#.###.#..###.........
.....................
.....###.######......
####. #..# ...... #.
##.##


You could see an orc warrior and an orc.

Vanquished Creatures
  A phantom (D:6)
  3 centaurs
  2 bullfrogs
  A wyvern zombie (D:5)
  A jelly (D:5)
  A centaur skeleton (D:5)
  Crazy Yiuf (D:2)
  A bullfrog skeleton (D:5)
  3 orc priests
  A hound (D:6)
  Jessica (D:2)
  Terence (D:2)
  5 orc wizards
  4 worker ants
  A hound zombie (D:6)
  A worker ant zombie (D:4)
  15 gnolls
  3 adders
  2 worms (D:3)
  A dart slug (D:2)
  9 leopard geckos
  9 orcs
  2 ball pythons
  4 giant cockroaches
  6 goblins
  9 hobgoblins
  14 jackals
  12 kobolds
  A quokka (D:6)
  6 bats
  4 frilled lizards
  A quokka skeleton (D:4)
  6 rats
  A fungus (D:2)
133 creatures vanquished.

Notes
Turn   | Place    | Note
-------+----------+-------------------------------------------
     0 | D:1      | Zazzizzaar the Gargoyle Earth Elementalist began the quest
                  | for the Orb.
     0 | D:1      | Reached XP level 1. HP: 10/10 MP: 3/3
   246 | D:1      | Reached XP level 2. HP: 15/15 MP: 5/5
   262 | D:1      | Reached skill level 4 in Earth Magic
   594 | D:1      | Reached XP level 3. HP: 18/19 MP: 6/6
   830 | D:1      | Learned a level 3 spell: Stone Arrow
  1050 | D:2      | Found a deep blue altar of Sif Muna.
  1181 | D:2      | Reached skill level 1 in Conjurations
  1190 | D:2      | Reached XP level 4. HP: 24/24 MP: 4/8
  1583 | D:2      | Reached skill level 5 in Earth Magic
  1590 | D:2      | Reached XP level 5. HP: 25/28 MP: 1/9
  1597 | D:2      | Learned a level 5 spell: Lee's Rapid Deconstruction
  1665 | D:2      | Noticed Jessica
  1674 | D:2      | Killed Jessica
  1774 | D:2      | Noticed Terence
  1785 | D:2      | Killed Terence
  2313 | D:2      | Found a runed door.
  2317 | D:2      | Noticed Crazy Yiuf
  2324 | D:2      | Killed Crazy Yiuf
  2899 | D:3      | Reached XP level 6. HP: 32/32 MP: 11/11
  3835 | D:4      | Reached skill level 6 in Earth Magic
  3953 | D:4      | Reached XP level 7. HP: 36/36 MP: 13/13
  5014 | D:5      | Entered Level 5 of the Dungeon
  5109 | D:5      | Found a staircase to the Ecumenical Temple.
  5119 | Temple   | Entered the Ecumenical Temple
  5186 | Temple   | Became a worshipper of Vehumet
  5671 | D:5      | Reached skill level 7 in Earth Magic
  5673 | D:5      | Reached skill level 5 in Spellcasting
  5681 | D:5      | Reached skill level 5 in Conjurations
  5829 | D:5      | Reached XP level 8. HP: 24/41 MP: 15/15
  6134 | D:5      | Got a warped leather armour
  6145 | D:5      | Identified the +3 leather armour of Yredelemnul's Pride
                  | {*Contam rElec rN+} (You found it on level 5 of the
                  | Dungeon)
  6189 | D:5      | Gained mutation: Scrolls take you a little longer to read.
                  | [mutagenic glow]
  6428 | D:5      | Gained mutation: You tend to lose your temper in combat.
                  | [mutagenic glow]
  7168 | D:6      | Reached skill level 8 in Earth Magic
  7440 | D:6      | Killed from afar by an orc wizard

Vault maps used:
D:1:      nicolae_arrival_washed_ashore
D:2:      lemuel_doored_altar, uniq_jessica, uniq_crazy_yiuf_cottage,
          uniq_terence
D:3:      nrook_mini_backslash
D:4:      first_ration, serial_forest, infiniplex_forest_lined_corner,
          infiniplex_forest_lined_room_2, infiniplex_forest_clump_small,
          infiniplex_forest_diagonal, infiniplex_forest_lined_3_way,
          minmay_crystal_room
D:5:      minmay_temple_entry_stoned_glass
D:6:      gammafunk_temple_overflow_elements, serial_shops, shop, uniq_grinder
Temple:   compressed_dpeg_circular_temple

Skill      XL: |  1  2  3  4  5  6  7  8 |
---------------+-------------------------+-----
Earth Magic    | 4 5 6 7 8 |  8.1
Conjurations   | 1 2 3 5 6 |  6.1
Spellcasting   | 3 4 5 |  5.8
Dodging        | |  1.5
Stealth        | |  2.1
Transmutations | |  0.7

Action                   |  1- 3 |  4- 6 |  7- 9 || total
-------------------------+-------+-------+-------++-------
Melee: Short sword       |    85 |    51 |       ||   136
       Unarmed           |     1 |       |       ||     1
       Flail             |       |    78 |   187 ||   265
Throw: Javelin           |    16 |       |       ||    16
 Cast: Sandblast         |    10 |    61 |    18 ||    89
       Stone Arrow       |       |     1 |       ||     1
       Lee's Rapid Decon |       |       |     7 ||     7
  Use: Scroll            |     6 |     6 |     4 ||    16
       Potion            |       |     2 |     2 ||     4
 Stab: Sleeping          |     3 |     9 |     6 ||    18
  Eat: Chunk             |     1 |     9 |     7 ||    17
       Ration            |       |       |     2 ||     2
Armor: Robe              |    46 |    77 |   128 ||   251
Dodge: Dodged            |    70 |   133 |   158 ||   361

Table legend:
 A = Non-vault XP
 B = Vault XP
 C = Vault XP percentage of total XP
 D = Non-vault monster count
 E = Vault monster count
 F = Vault count percentage of total count
                 A         B        C        D         E       F
            +---------+---------+-------+---------+---------+-------
      Total |    1811 |     115 |   6.0 |     129 |       3 |   2.3
            +---------+---------+-------+---------+---------+-------
        D:1 |      37 |       0 |   0.0 |      24 |       0 |   0.0
        D:2 |     160 |     115 |  41.8 |      29 |       3 |   9.4
        D:3 |     135 |       0 |   0.0 |      20 |       0 |   0.0
        D:4 |     410 |       0 |   0.0 |      32 |       0 |   0.0
        D:5 |     489 |       0 |   0.0 |      12 |       0 |   0.0
        D:6 |     580 |       0 |   0.0 |      12 |       0 |   0.0
            +---------+---------+-------+---------+---------+-------
